Map: [ESL] Moondance

Players

Solar

  • Race: Zerg Zerg
  • League: Master
  • Spawn Location: 6:00

Maru - Winner!

  • Race: Terran Terran
  • Spawn Location: 12:00

Event: TSL 9

VOD

Have the link to the VOD?

Description

Time

  • Played on: Aug. 7, 2022, 10:34 a.m.
  • Length: 16:26

All games in this series

Show
View Real Time Build Order
Export as new Build Order

Solar Zerg 

Build Orders: Pool First 

Get SALT Encoding   

  12  0:00  Drone  
  13  0:12  Overlord  
  13  0:17  Drone  
  14  0:30  Drone x2  
  16  0:40  Spawning Pool  
  15  0:44  Drone  
  15  0:47  Drone  
  17  1:07  Hatchery  
  17  1:10  Drone  
  17  1:25  Extractor  
  16  1:26  Zergling x4  
  16  1:27  Zergling x2  
  16  1:31  Queen  
  21  1:38  Overlord  
  21  1:49  Drone  
  22  1:59  Drone  
  23  2:07  Queen  
  25  2:11  Drone  
  26  2:19  Drone  
  27  2:25  Queen, Drone  
  30  2:30  Drone  
  30  2:33  Drone  
  31  2:39  Metabolic Boost  
  31  2:41  Drone x2  
  31  2:43  Overlord  
  32  2:46  Drone  
  32  2:49  Drone  
  34  2:51  Drone  
  35  3:06  Hatchery  
  35  3:09  Drone  
  35  3:11  Drone  
  36  3:13  Drone  
  36  3:16  Drone x2  
  36  3:18  Drone  
  40  3:24  Queen  
  42  3:27  Overlord  
  42  3:30  Overlord  
  42  3:33  Drone  
  43  3:38  Overlord  
  43  3:48  Queen  
  43  3:51  Zergling x4, Drone x2  
  43  3:53  Zergling x2  
  43  3:55  Drone  
  51  3:57  Drone x2  
  51  3:58  Drone  
  54  4:03  Drone  
  54  4:08  Drone x4  
  59  4:15  Overlord  
  59  4:19  Queen  
  59  4:20  Drone  
  59  4:21  Zergling x2  
  59  4:23  Queen  
  63  4:26  Zergling x2  
  66  4:33  Spore Crawler, Zergling x10  
  66  4:38  Zergling x2  
  69  4:40  Evolution Chamber  
  69  4:44  Drone x2  
  71  4:47  Drone  
  71  4:50  Drone x2  
  71  4:51  Overlord  
  74  4:59  Overlord  
  74  5:01  Overlord x2  
  74  5:05  Overlord  
  74  5:09  Queen  
  74  5:11  Drone x4  
  79  5:14  Extractor  
  79  5:15  Evolution Chamber  
  79  5:16  Evolution Chamber  
  79  5:17  Spore Crawler  
  79  5:20  Drone x5  
  80  5:26  Drone x2  
  80  5:27  Spore Crawler  
  81  5:29  Zergling x8  
  81  5:35  Overlord  
  85  5:36  Drone x2  
  85  5:38  Drone  
  85  5:40  Extractor  
  85  5:41  Zerg Ground Armor Level 1, Zerg Melee Weapons Level 1  
  88  5:44  Drone x3  
  91  5:50  Lair  
  91  5:54  Queen  
  93  6:00  Hatchery  
  93  6:01  Baneling Nest  
  93  6:03  Drone  
  92  6:04  Drone  
  92  6:06  Drone  
  92  6:07  Drone, Extractor  
  92  6:08  Drone, Extractor  
  92  6:10  Overlord  
  92  6:11  Drone  
  95  6:12  Zergling x6  
  95  6:14  Zergling x4  
  95  6:15  Zergling x2  
  101  6:18  Zergling x6  
  101  6:19  Zergling x2  
  101  6:22  Drone  
  105  6:27  Zergling x2  
  105  6:28  Drone  
  107  6:33  Zergling x2  
  107  6:35  Overlord  
  108  6:41  Zergling x4  
  108  6:42  Drone  
  108  6:45  Drone  
  108  6:46  Zergling x10  
  117  6:55  Drone  
  117  6:56  Drone  
  117  6:57  Drone  
  120  7:01  Baneling x9  
  120  7:02  Baneling x2  
  120  7:05  Centrifugal Hooks  
  120  7:09  Drone x2  
  120  7:10  Drone  
  120  7:13  Drone x2  
  120  7:15  Zergling x2  
  126  7:16  Hatchery  
  126  7:17  Overlord  
  126  7:18  Zergling x6  
  126  7:19  Zergling x6  
  131  7:26  Zergling x4  
  131  7:27  Zergling x2  
  134  7:36  Zergling x10  
  129  7:41  Zergling x2, Hatchery  
  129  7:42  Zergling x4, Zerg Melee Weapons Level 2, Zerg Ground Armor Level 2  
  125  7:49  Drone  
  125  7:51  Drone x2  
  127  7:54  Overlord  
  127  7:55  Baneling x9  
  128  8:00  Drone  
  128  8:01  Hydralisk Den, Infestation Pit  
  128  8:03  Drone  
  128  8:04  Drone  
  128  8:10  Zergling x2  
  128  8:12  Drone  
  124  8:14  Drone  
  124  8:15  Zergling x2  
  124  8:16  Zergling x14  
  124  8:18  Overlord  
  133  8:24  Drone  
  133  8:25  Zergling x2  
  135  8:29  Drone x2  
  135  8:33  Baneling x2  
  137  8:36  Drone  
  137  8:37  Drone  
  137  8:38  Pneumatized Carapace  
  139  8:41  Extractor  
  139  8:42  Hydralisk x5, Hive  
  139  8:44  Grooved Spines  
  148  8:48  Overlord x2  
  148  8:50  Zergling x12  
  148  8:53  Hatchery  
  148  8:54  Overlord  
  153  8:56  Baneling x11  
  153  8:58  Overlord  
  153  9:08  Zergling x10  
  158  9:13  Hatchery  
  157  9:17  Zergling x18  
  157  9:20  Zergling x4  
  167  9:25  Drone x3  
  167  9:26  Drone  
  167  9:28  Queen  
  167  9:31  Drone x2  
  170  9:32  Drone  
  170  9:36  Hydralisk  
  173  9:42  Hydralisk x4  
  173  9:43  Drone  
  182  9:48  Zergling x2  
  182  9:52  Overlord x2  
  182  9:53  Overlord  
  182  9:54  Overlord  
  182  9:55  Muscular Augments  
  182  9:56  Overlord  
  182  9:57  Overlord  
  182  9:59  Overlord  
  179  10:00  Adrenal Glands  
  179  10:06  Viper x2  
  172  10:08  Zergling x14  
  172  10:12  Zergling x8  
  183  10:15  Zerg Missile Weapons Level 1  
  183  10:19  Zergling x8  
  184  10:24  Zergling x4  
  184  10:27  Zergling x4  
  188  10:34  Baneling x17  
  188  10:38  Zergling x10  
  193  10:44  Overseer  
  193  10:45  Baneling x5  
  193  10:48  Hatchery  
  190  10:50  Zergling x16  
  190  10:54  Zergling x10  
  166  11:04  Drone x7  
  166  11:06  Zerg Ground Armor Level 3  
  169  11:12  Zergling x2  
  169  11:13  Zergling x8  
  169  11:17  Hydralisk, Hatchery  
  173  11:22  Zergling x4  
  173  11:25  Zergling x2  
  176  11:30  Drone x2  
  177  11:33  Hydralisk x2  
  177  11:38  Zergling x2  
  177  11:39  Zergling x10  
  181  11:43  Baneling x11  
  181  11:44  Zergling x6  
  177  11:53  Zergling x10  
  170  12:04  Hydralisk x4  
  178  12:14  Zergling x10  
  184  12:15  Zergling x2  
  184  12:16  Zergling x2  
  184  12:20  Spore Crawler  
  184  12:23  Zergling x4  
  184  12:28  Hatchery  
  171  12:30  Zergling x6  
  171  12:33  Zergling x2  
  171  12:35  Zergling x6  
  174  12:38  Baneling x10  
  170  12:46  Zergling x6  
  170  12:50  Hydralisk  
  170  12:51  Hydralisk x4  
  166  12:54  Zergling x6  
  177  13:00  Zergling x8  
  177  13:05  Zerg Melee Weapons Level 3  
  180  13:09  Zergling x6  
  183  13:14  Zergling x8  
  183  13:19  Zergling x6  
  188  13:24  Baneling x8  
  188  13:25  Baneling x2  
  188  13:31  Zergling x2  
  188  13:32  Zergling x2  
  189  13:34  Zergling x12  
  189  13:41  Zergling x10  
  181  13:44  Zergling x2  
  181  13:45  Zergling x6  
  181  13:47  Zergling x2  
  180  14:02  Zergling x10  
  184  14:07  Hatchery  
  184  14:08  Zergling x6  
  184  14:09  Baneling x8  
  176  14:18  Baneling x13  
  176  14:20  Zergling x2  
  176  14:21  Zergling x2  
  170  14:34  Zergling x6  
  170  14:38  Zergling x6  
  176  14:43  Hatchery  
  176  14:44  Baneling x8  
  176  14:45  Baneling x3  
  175  14:47  Zergling x4  
  175  14:48  Zergling x2  
  175  14:50  Zergling x2  
  175  14:52  Zergling x4  
  179  14:55  Zergling x4  
  179  15:03  Zergling x8  
  169  15:07  Zergling x6  
  169  15:11  Zergling x2  
  164  15:15  Lurker Den  
  164  15:18  Zergling x4  
  164  15:20  Drone  
  154  15:22  Drone x2  
  154  15:26  Zergling x6  
  152  15:37  Zergling x6, Hatchery  
  150  15:43  Zergling x4  
  150  15:45  Overseer x2  
  150  15:49  Zergling x2  
  150  15:50  Zergling x8  
  150  15:54  Zergling x2  
  134  16:00  Baneling x5  
  134  16:02  Zergling x6  
Show
View Real Time Build Order
Export as new Build Order

Maru Terran - Winner!

Build Orders:  

Get SALT Encoding   

  12  0:00  SCV  
  13  0:12  SCV  
  14  0:17  Supply Depot  
  14  0:24  SCV  
  15  0:38  SCV  
  15  0:40  Barracks  
  16  0:43  Refinery  
  16  0:50  SCV  
  17  1:02  SCV  
  18  1:15  SCV  
  19  1:27  Barracks Reactor, Orbital Command  
  19  1:38  Command Center  
  19  1:51  Supply Depot  
  19  1:53  SCV  
  20  2:02  Factory  
  20  2:04  Marine  
  20  2:07  SCV  
  20  2:08  Marine  
  22  2:13  Refinery  
  23  2:19  SCV  
  23  2:22  Marine  
  25  2:26  Marine  
  25  2:31  SCV  
  25  2:41  Marine  
  25  2:43  SCV  
  25  2:44  Marine  
  26  2:47  Starport  
  26  2:50  Widow Mine  
  29  2:55  SCV  
  30  3:07  SCV  
  31  3:15  Orbital Command  
  31  3:19  SCV  
  36  3:20  Hellion x2  
  36  3:25  Medivac  
  38  3:31  SCV  
  39  3:39  Supply Depot  
  39  3:40  SCV  
  40  3:42  Hellion  
  40  3:43  SCV, Hellion  
  45  3:52  SCV  
  45  3:55  Starport Tech Lab  
  46  3:58  Barracks Tech Lab  
  46  4:00  SCV  
  46  4:02  Supply Depot  
  47  4:04  SCV  
  48  4:12  Hellion x2, SCV  
  48  4:16  SCV  
  54  4:23  Raven  
  56  4:25  SCV  
  56  4:27  Stimpack, Marine  
  56  4:29  SCV  
  59  4:37  SCV  
  58  4:41  SCV  
  59  4:49  Barracks, SCV  
  59  4:51  Barracks, Factory Reactor  
  58  4:53  Supply Depot, SCV  
  58  4:58  Command Center  
  59  5:01  SCV  
  59  5:05  SCV  
  61  5:13  SCV  
  62  5:17  SCV  
  62  5:18  Starport Reactor  
  62  5:20  Marine  
  62  5:21  Supply Depot  
  62  5:24  Engineering Bay x2  
  62  5:25  SCV  
  63  5:29  SCV  
  64  5:37  SCV  
  64  5:38  Marine x3  
  64  5:41  Supply Depot, SCV  
  69  5:43  Siege Tank  
  69  5:45  Refinery  
  69  5:49  SCV  
  73  5:51  Marine x2  
  73  5:53  Terran Infantry Weapons Level 1  
  73  5:54  Terran Infantry Armor Level 1  
  73  5:55  SCV  
  73  5:56  Marine  
  77  6:02  SCV  
  78  6:07  SCV, Medivac  
  78  6:08  Barracks  
  81  6:12  Barracks  
  81  6:15  Orbital Command  
  81  6:20  Siege Tank, Marine  
  81  6:22  Marine  
  81  6:24  SCV  
  87  6:26  SCV  
  87  6:30  Marine x2  
  87  6:31  Supply Depot, Marine  
  91  6:36  SCV  
  91  6:37  Combat Shield  
  91  6:38  Marine  
  93  6:41  Marine  
  93  6:42  Supply Depot  
  93  6:43  SCV x2  
  93  6:46  Medivac  
  98  6:48  SCV  
  99  6:55  Marine x3  
  99  6:57  Barracks Reactor  
  99  6:59  Barracks Reactor  
  102  7:02  SCV x2  
  102  7:04  Supply Depot, SCV  
  102  7:07  Barracks  
  105  7:10  Barracks, Marine x2  
  105  7:11  Barracks  
  105  7:14  SCV, Armory  
  108  7:16  Marine x3  
  108  7:18  Refinery  
  111  7:26  SCV  
  111  7:27  Marine  
  111  7:28  Marine  
  111  7:29  SCV  
  115  7:30  SCV  
  115  7:34  Marine x2  
  107  7:38  SCV  
  107  7:40  Marine x5  
  107  7:41  SCV, Siege Tank  
  107  7:42  Medivac  
  111  7:45  Marine  
  111  7:46  Supply Depot  
  111  7:49  Marine  
  111  7:51  Medivac, Marine  
  115  7:57  Supply Depot  
  115  7:58  Supply Depot, Marine x5  
  117  8:03  Marine x4  
  125  8:07  Supply Depot  
  125  8:08  Refinery, Marine  
  125  8:14  Marine x2  
  125  8:15  Marine  
  125  8:16  Marine  
  125  8:17  Terran Infantry Weapons Level 2  
  132  8:28  Barracks Tech Lab x2  
  132  8:29  Barracks Tech Lab  
  132  8:31  Marine  
  132  8:32  Marauder, Marine x3  
  132  8:33  Command Center  
  136  8:34  SCV  
  136  8:36  Marine  
  136  8:37  Terran Infantry Armor Level 2  
  136  8:38  Supply Depot  
  136  8:39  Supply Depot  
  137  8:52  Marauder x3, Marine x2  
  137  8:53  Concussive Shells, Marauder x2, Marine x2  
  151  8:59  Supply Depot  
  151  9:04  Marine  
  151  9:05  Marine  
  153  9:12  Terran Vehicle And Ship Armor Level 1  
  153  9:13  Supply Depot x2  
  153  9:14  Marauder x2  
  153  9:15  Medivac x2  
  153  9:16  Widow Mine  
  153  9:17  Widow Mine  
  165  9:23  Marine  
  170  9:24  Marauder x2  
  170  9:36  Marauder x2  
  174  9:43  SCV x3  
  174  9:45  Medivac  
  179  9:50  Marauder x3, Marine x3  
  188  9:55  SCV  
  188  9:59  Widow Mine x2  
  179  10:11  Marauder x2, Marine  
  179  10:12  Medivac  
  183  10:15  Medivac  
  183  10:27  Marauder x3, Marine x3  
  192  10:29  Widow Mine x2  
  192  10:30  Marine  
  192  10:33  Marauder  
  199  10:40  Planetary Fortress  
  199  10:45  Marine  
  200  10:53  Marine  
  188  11:02  Marine  
  188  11:03  Marauder  
  162  11:08  Marauder  
  162  11:09  Marauder  
  165  11:16  Marauder x2, Marine x2  
  164  11:19  SCV x2  
  164  11:21  Command Center  
  164  11:22  Ghost Academy  
  164  11:24  Marauder  
  164  11:25  Marine  
  164  11:26  Marine x3  
  164  11:28  Medivac, Widow Mine x2  
  164  11:30  Marauder x2  
  164  11:31  Medivac  
  179  11:34  Marine  
  179  11:38  Marauder x2  
  175  11:44  Terran Infantry Weapons Level 3  
  175  11:46  Terran Infantry Armor Level 3, Marauder  
  177  11:51  Marauder  
  177  11:54  Marauder, Marine  
  153  11:55  Marine x5  
  153  11:59  Marauder x2  
  162  12:02  SCV  
  162  12:07  Marauder  
  166  12:08  Widow Mine x2  
  166  12:11  Marine  
  166  12:12  Marine  
  166  12:13  Marauder, Marine  
  171  12:15  Marine  
  171  12:16  Marauder, Marine x2  
  171  12:20  Medivac, Marauder  
  171  12:21  Marauder  
  180  12:29  Marauder, Marine  
  179  12:31  Marine x2  
  179  12:32  Widow Mine  
  179  12:34  Marauder  
  179  12:36  Marine x2  
  182  12:37  Marauder  
  182  12:41  Marine  
  182  12:42  Marauder x2  
  180  12:47  Medivac, Marine  
  180  12:50  Marauder  
  174  12:55  Marauder  
  180  12:58  Medivac, Widow Mine x2, Marauder  
  180  13:03  Marauder  
  181  13:15  Marine  
  181  13:16  Marauder, Marine x2  
  181  13:17  Refinery x2  
  184  13:20  Widow Mine x2, Marauder x2, Marine x4  
  184  13:24  Marine  
  192  13:33  Marine x3  
  195  13:37  Marauder  
  195  13:39  Marauder  
  186  13:41  Widow Mine x2, Marauder  
  186  13:43  Planetary Fortress  
  186  13:44  Ghost x2  
  186  13:47  Marine x3  
  183  13:51  Marine x2  
  183  13:53  Marine  
  176  13:59  Marauder, Marine  
  176  14:02  Widow Mine, Ghost  
  178  14:12  Ghost  
  178  14:13  SCV x2, Refinery  
  178  14:14  Ghost  
  178  14:15  Refinery  
  184  14:17  Marine  
  184  14:18  Marine x3  
  184  14:22  Widow Mine  
  184  14:24  Widow Mine  
  182  14:32  Ghost x2  
  182  14:36  Marine x4  
  189  14:39  Marauder, Marine x2  
  189  14:42  Marauder  
  189  14:43  Widow Mine, Marine  
  189  14:44  Personal Cloaking  
  189  15:00  Ghost x2  
  189  15:02  Ghost  
  189  15:03  Marine  
  181  15:09  Ghost  
  181  15:10  Marine  
  184  15:16  Ghost  
  171  15:23  Marine x3  
  159  15:29  Marauder  
  159  15:30  Marauder, Marine  
  159  15:31  Marauder, Marine x2  
  155  15:38  Ghost  
  155  15:41  Marine x3  
  155  15:42  Medivac x2  
  156  15:44  Widow Mine  
  156  15:45  Marine  
  156  15:48  Marine x3  
  161  15:52  Marine  
  161  15:53  Marauder x2  
  153  15:59  Marine x2  
  153  16:02  Widow Mine, Marine  
  153  16:04  Marauder  
Tags
 
Event
TSL 9
League
Master
Matchup
TvZ
Opening
Pool First
Player
MaruSolar
Spawn Locations
Cross Positions
Add a new tag
Caveats
  • Supply blocks, unpowered buildings, or Contaminate may cause inaccurate times.
  • Supply counts are checked every 10 seconds.